 Dungeon Crawl Stone Soup version 0.29-a0-286-g41199d4a87 (console) character file.

Game seed: 2699539342055112800

105 Doideka the Ruffian (level 4, 0/44 HPs)
             Began as a Troll Berserker on Mar 16, 2022.
             Was a Believer of Trog.
             Succumbed to Crazy Yiuf's poison
             ... on level 3 of the Dungeon.
             The game lasted 00:42:50 (2173 turns).

Doideka the Ruffian (Troll Berserker)               Turns: 2173, Time: 00:42:51

Health: 0/44       AC:  4    Str: 27    XL:     4   Next: 54%
Magic:  3/3        EV:  8    Int:  3    God:    Trog [**....]
Gold:   117        SH:  5    Dex:  9    Spells: 3/3 levels left

rFire   . . .      SeeInvis .   m - +2 short sword (protect)
rCold   . . .      Faith    .   A - +0 kite shield
rNeg    . . .      Spirit   .   a - +0 animal skin
rPois   .          Reflect  .   (helmet restricted)
rElec   .          Harm     .   (no cloak)
rCorr   .          Rampage  .   (gloves unavailable)
Will    .....                   (boots unavailable)
Stlth   +.........              (no amulet)
HPRegen 0.94/turn               M - ring of flight
MPRegen 0.08/turn               (no ring)

@: lethally poisoned (0 -> -3), flying
A: large, unfitting armour, claws 3, regeneration 1, shaggy fur 1, tough skin 1
a: Renounce Religion, Berserk, Trog's Hand


You were on level 3 of the Dungeon.
You worshipped Trog.
Trog was pleased with you.
You visited 1 branch of the dungeon, and saw 3 of its levels.

You collected 117 gold pieces.

Inventory:

Hand Weapons
 j - a +0 dagger
 k - a +0 dagger
 l - a +0 trident
 m - a +2 short sword of protection (weapon)
 n - a +0 whip
 p - a +0 dagger
 r - a +0 flail
 t - a +0 club
 u - a +0 dagger
 v - a +0 dagger
 w - a +0 whip
 y - a +0 club
 F - a +0 dagger
 H - a +0 club
 I - a +0 hand axe
 J - a +0 falchion
 L - a +0 dagger
 N - a +0 short sword
 P - a +1 dagger of protection
 S - a +0 flail
Missiles
 d - 28 stones (quivered)
 x - 6 boomerangs
Armour
 a - a +0 animal skin (worn)
 g - a +0 scale mail
 A - a +0 kite shield (worn)
 G - a +0 robe
 O - a +0 ring mail
 Q - a +0 leather armour
 T - a +0 ring mail
 U - a +0 pair of gloves
Jewellery
 M - a ring of flight (left claw)
Scrolls
 b - 3 scrolls of blinking
 c - a scroll of enchant armour
 e - 2 scrolls of fear
 i - a scroll of acquirement {unknown}
 s - 3 scrolls of teleportation
 B - a scroll of summoning {unknown}
 D - a scroll of torment {unknown}
 E - a scroll of vulnerability {unknown}
 R - a scroll of identify
Potions
 f - a potion of mutation {unknown}
 h - a potion of degeneration {unknown}
 o - a potion of curing {unknown}
 q - a potion of invisibility
 z - a potion of magic {unknown}
 C - a potion of heal wounds {unknown}
 K - 2 potions of attraction {unknown}


   Skills:
 + Level 2.8 Fighting
 + Level 1.2 Short Blades
 - Level 0.3 Polearms
 + Level 3.2 Dodging
 + Level 0.1 Shields
 + Level 3.6 Unarmed Combat


You had 3 spell levels left.
You didn't know any spells.
Your spell library was empty.

Dungeon Overview and Level Annotations

Branches:
Dungeon (3/15)

Altars:

Annotations:
D:3 Crazy Yiuf


Innate Abilities, Weirdness & Mutations

You are too large for most types of armour.
You have claws for hands.
Your natural rate of healing is unusually fast.
You are covered in fur. (AC +1)
You have tough skin. (AC +1)


Message History

Crazy Yiuf hits you with a +3 quarterstaff of chaos!
You hit Crazy Yiuf.
Crazy Yiuf is heavily wounded.
Crazy Yiuf barely misses you.
You hit Crazy Yiuf.
Crazy Yiuf is heavily wounded.
Crazy Yiuf hits you with a +3 quarterstaff of chaos!
Crazy Yiuf barely misses you.
You hit Crazy Yiuf.
Crazy Yiuf is almost dead.
Crazy Yiuf yells, "Leather Orb Guardian blue!"
Crazy Yiuf barely misses you.
You hit Crazy Yiuf but do no damage.
Crazy Yiuf is almost dead.
Crazy Yiuf hits you but does no damage. You resist with some effort.
You hit Crazy Yiuf.
Crazy Yiuf is almost dead.
Crazy Yiuf hits you with a +3 quarterstaff of chaos!
You are poisoned.
You hit Crazy Yiuf but do no damage.
Crazy Yiuf is almost dead.
You feel very sick.
Crazy Yiuf hits you with a +3 quarterstaff of chaos.
* * * LOW HITPOINT WARNING * * *
You are lethally poisoned!
You completely miss Crazy Yiuf.
Crazy Yiuf is almost dead.
* * * LOW HITPOINT WARNING * * *
You feel very sick.
Crazy Yiuf sings, "Trees, trees, trees, circus!"
Crazy Yiuf hits you but does no damage.
Blink to where?
Press: ? - help, Dir - move target, p - Crazy Yiuf
As you read the scroll of blinking, it crumbles to dust.
* * * LOW HITPOINT WARNING * * *
You feel very sick.
Crazy Yiuf laughs, "Prologue down high!"
* * * LOW HITPOINT WARNING * * *
You feel sick.
You die...

#.#####.###....
#.......# #..
#....#.##
#....#.#
##....#.#
##.....#.+
##......###
#....####
#'..'# ♣....♣
♣.@.♣♣ ♣♣.♣♣
♣.♣♣ ♣♣.♣ ♣.♣♣
♣♣g♣ #'# ...
#...# #..)#
#####


There were no monsters in sight!

Vanquished Creatures
  An orc wizard (D:2)
  An adder (D:3)
  A worm (D:3)
  2 dart slugs (D:1)
  5 orcs
  5 bats (D:1)
  2 endoplasms (D:2)
  2 giant cockroaches
  5 goblins
  3 hobgoblins (D:1)
  7 jackals (D:1)
  3 quokkas
  4 ball pythons
  7 frilled lizards
  6 kobolds
  2 rats (D:1)
56 creatures vanquished.

Vanquished Creatures (others)
  2 fungi (D:3)
2 creatures vanquished.

Grand Total: 58 creatures vanquished

Notes
Turn   | Place    | Note
-------+----------+-------------------------------------------
     0 | D:1      | Doideka the Troll Berserker began the quest for the Orb.
     0 | D:1      | Reached XP level 1. HP: 22/22 MP: 0/0
   128 | D:1      | Reached XP level 2. HP: 29/29 MP: 1/1
   363 | D:1      | Reached ** piety under Trog
   364 | D:1      | Reached XP level 3. HP: 36/36 MP: 2/2
   675 | D:1      | Found a faded altar of an unknown god.
  1467 | D:2      | Reached skill level 1 in Short Blades
  1467 | D:2      | Reached XP level 4. HP: 35/44 MP: 3/3
  2157 | D:3      | Found a runed translucent door.
  2158 | D:3      | Noticed Crazy Yiuf
  2173 | D:3      | Succumbed to Crazy Yiuf's poison

Illustrated notes

Levels and vault maps discovered:
D:1:      nicolae_arrival_somewhat_less_tricky_arrival, layout_rooms,
          ebering_ecumenical_altar_ruins
D:2:      layout_rooms
D:3:      layout_basic, st_stairs_14, uniq_ijyb, uniq_crazy_yiuf_cottage

Skill      XL: |  1  2  3 |
---------------+----------+-----
Short Blades   | 1 |  1.2
Dodging        | 3 |  3.2
Fighting       | |  2.8
Polearms       | |  0.3
Shields        | |  0.1
Unarmed Combat | |  3.6

Action                   |  1- 3 |  4- 6 || total
-------------------------+-------+-------++-------
Melee: Unarmed           |    50 |       ||    50
       Short sword       |    69 |    82 ||   151
       Trident           |    32 |       ||    32
       Punch             |     1 |       ||     1
  Use: Scroll            |     4 |     2 ||     6
Armor: Animal skin       |    72 |    31 ||   103
Dodge: Dodged            |    64 |    23 ||    87
Block: Kite shield       |    11 |    24 ||    35

Table legend: (Time is in decaauts)
 A = Elapsed time spent in this place.
 B = Non-inter-level travel time spent in this place.
 C = Inter-level travel time spent in this place.
 D = Time resting spent in this place.
 E = Time spent auto-exploring this place.
 F = Levels seen in this place.
 G = Mean time per level.
                   A        B        C        D        E       F      G
               +--------+--------+--------+--------+--------+-----+--------+
         Total |   2210 |   2042 |    168 |      0 |    162 |   3 |  736.7 |
       Dungeon |   2210 |   2042 |    168 |      0 |    162 |   3 |  736.7 |
               +--------+--------+--------+--------+--------+-----+--------+

Top non-repeatable levels by time:
     D:1: 993 daAuts
     D:2: 878 daAuts
     D:3: 338 daAuts
